[Event "*** Titled Tuesday Blitz"]
[Site "Chess.com"]
[Date "2020.11.24"]
[Round "1"]
[White "Gerodot71"]
[Black "Jospem"]
[Result "1/2-1/2"]
[WhiteElo "2472"]
[BlackElo "3053"]
[TimeControl "180+1"]
[EndTime "10:25:02 PST"]
[Termination "Game drawn by repetition"]

1. d4 Nf6 2. c4 e6 3. Nf3 Bb4+ 4. Bd2 c5 5. Bxb4 cxb4 6. a3 bxa3 7. Nxa3 O-O 8. e3 a5 9. Be2 Na6 10. O-O Nb4 11. Nc2 Nxc2 12. Qxc2 b6 13. b4 Bb7 14. bxa5 bxa5 15. Rfb1 Qc7 16. Ne1 Rfc8 17. Rb2 Be4 18. Qd2 Bc6 19. c5 Ne4 20. Qc1 d6 21. Nd3 h6 22.
Rc2 Bd5 23. Bf3 Qd8 24. cxd6 Rxc2 25. Qxc2 Qxd6 26. Nf4 Nf6 27. Nxd5 Nxd5 28. g3 g6 29. h4 h5 30. Kg2 Qd8 31. Qa4 Ra7 32. Rc1 Kg7 33. Rc5 Nf6 34. Rc3 Nd7 35. Rb3 Qc7 36. Qb5 a4 37. Ra3 Nb6 38. d5 exd5 39. Bxd5 Qd6 40. Rd3 Nxd5 41. Rxd5 Qf6 42. Rd4 Qa6 43. Qe5+ Qf6 44. Qc5 Ra6 45. Rf4 Qd6 46. Qxd6 Rxd6 47. Rxa4 Rf6 48. Rf4 Re6 49. Kf3 f6 50. Re4 Rc6 51.
Rd4 Kf7 52. Rd3 Ke6 53. e4 Rc4 54. Ke3 Rc1 55. f3 Re1+ 56. Kf2 Ra1 57. Rd2 Ra3 58. Kg2 Rb3 59. Rf2 Ra3 60. Re2 Rb3 61. Rd2 Ra3 62. Rb2 Rc3 63. Kf2 Ra3 64. Ke2 Rc3 65. Rb6+ Kf7 66. Rb2 Ke6 67. Rd2 Rb3 68. Rd3 Rb2+ 69. Ke3 Rb5 70. Ra3 Rb6 71. Kf4 Rb7 72.
Ra6+ Kf7 73. Ra4 Kg7 74. e5 fxe5+ 75. Kxe5 Rf7 76. Ke4 Re7+ 77. Kd3 Re1 78. g4 Rh1 79. gxh5 gxh5 80. Ke3 Kg6 81. Kf2 Kf5 82. Kg2 Re1 83. Ra5+ Kg6 84. Kg3 Rb1 85. Ra4 Rb6 86. Kf4 Rf6+ 87. Kg3 Kh6 88. Re4 Rg6+ 89. Kf4 Rf6+ 90. Ke3 Kg6 91. Kf2 Kf5 92. Kg3 Rg6+ 93. Kf2 Rc6 94.
Kg3 Kg6 95. Kf4 Rf6+ 96. Kg3 Rc6 97. Kf4 Rf6+ 98. Kg3 Rc6 1/2-1/2

[Event "*** Titled Tuesday Blitz"]
[Site "Chess.com"]
[Date "2020.11.24"]
[Round "1"]
[White "Nils_03"]
[Black "pedromartinez91"]
[Result "1-0"]
[WhiteElo "2249"]
[BlackElo "2520"]
[TimeControl "180+1"]
[EndTime "10:25:53 PST"]
[Termination "Nils_03 won by checkmate"]

1. d4 Nf6 2. c4 Nc6 3. d5 Ne5 4. Nf3 Nxf3+ 5. exf3 e6 6. Nc3 Bb4 7. dxe6 Bxc3+ 8. bxc3 dxe6 9. Qxd8+ Kxd8 10. Bf4 Bd7 11. O-O-O Kc8 12. Bd3 Bc6 13. Bc2 Rd8 14. Rd4 Nd7 15.
Rhd1 Re8 16. R4d2 Nb6 17. Bb3 Na4 18. Kc2 Nc5 19. Be3 b6 20. Bxc5 bxc5 21. Kd3 Rd8+ 22. Ke3 Rxd2 23. Rxd2 Rb8 24. Bc2 h6 25. Be4 Rb6 26.
f4 Ra6 27. h4 Bxe4 28. Kxe4 Rd6 29. Rb2 Rb6 30. Rd2 Rb1 31. h5 Re1+ 32. Kf3 Rc1 33. Rd3 Rc2 34. Re3 Rxa2 35. Re5 Rc2 36. Rxc5 Rxc3+ 37. Ke4 Kd7 38. Ra5 Rxc4+ 39. Kf3 Rc3+ 40.
Ke4 f5+ 41. Ke5 Rc2 42. Rxa7 Rxf2 43. g3 Re2+ 44. Kd4 Rg2 45. Ra3 Rh2 46. Ke5 Rxh5 47.
Rd3+ Ke7 48. Rc3 Rh2 49. Rxc7+ Kf8 50. Kxe6 Re2+ 51. Kxf5 Rd2 52. Rc8+ Kf7 53. Rc7+ Kg8 54. Rc8+ Kh7 55. Kg4 Rd6 56. Rc7 Rg6+ 57. Kh3 Ra6 58. Rb7 Ra5 59. Rc7 Rh5+ 60. Kg2 Ra5 61. Rb7 Kg6 62.
Kh3 Kf6 63. Rb6+ Kf7 64. Rb7+ Kg6 65. Rb8 h5 66. Rb6+ Kh7 67. Re6 g6 68. Re7+ Kh6 69. Re8 Ra1 70. Rh8+ Kg7 71. Rb8 Kf6 72. Rb6+ Kf5 73.
Rb5+ Kf6 74. Rb6+ Kg7 75. Rb7+ Kh6 76. Rb6 Rh1+ 77. Kg2 Rc1 78. Kh3 Kg7 79. Rb7+ Kf6 80. Rb6+ Kf5 81. Rb5+ Ke4 82. Rg5 Kf3 83. Kh2 Rc2+ 84.
Kh3 Rc1 85. Kh2 Rc6 86. f5 gxf5 87. Rxf5+ Kg4 88. Rf4+ Kg5 89. Ra4 Rc2+ 90. Kh3 Rc3 91. Ra5+ Kg6 92. Kh4 Rc4+ 93. Kh3 Rb4 94. Rd5 Rb6 95.
Rc5 Kh6 96. Rd5 Rc6 97. Ra5 Kg6 98. Rb5 Rc1 99. Rd5 Rh1+ 100. Kg2 Ra1 101. Kh3 Kh6 102. Rd6+ Kg5 103. Rd5+ Kg6 104. Rd6+ Kf5 105. Rd5+ Kg6 106. Rd6+ Kg7 107. Rd5 Kh6 108. Rd6+ Kg5 109. Rd5+ Kf6 110. Rd6+ Ke5 111. Rh6 Ke4 112. Rxh5 Kf3 113. Rf5+ Ke4 114. Rf8 Ke5 115. g4 Ke6 116. g5 Ke7 117. Rf4 Rg1 118. Kh4 Rh1+ 119. Kg4 Rh8 120. g6 Rf8 121. Rf5 Rg8 122.
Kg5 Rf8 123. Rxf8 Kxf8 124. Kf6 Kg8 125. g7 Kh7 126. Kf7 Kh6 127. g8=Q Kh5 128. Qg3 Kh6 129. Qg6# 1-0

[Event "*** Titled Tuesday Blitz"]
[Site "Chess.com"]
[Date "2020.11.24"]
[Round "2"]
[White "IrishMonkey"]
[Black "hansen"]
[Result "0-1"]
[WhiteElo "2559"]
[BlackElo "2934"]
[TimeControl "180+1"]
[EndTime "10:28:20 PST"]
[Termination "hansen won by resignation"]

1. d4 Nf6 2. c4 e6 3. e3 c5 4. Nc3 d5 5. Nf3 Nc6 6. Be2 dxc4 7. Bxc4 Be7 8. O-O O-O 9. Re1 a6 10. a3 b5 11. Ba2 Bb7 12. Qc2 cxd4 13. Nxd4 Nxd4 14.
exd4 Qxd4 15. Be3 Qg4 16. f3 Bxf3 0-1

[Event "*** Titled Tuesday Blitz"]
[Site "Chess.com"]
[Date "2020.11.24"]
[Round "2"]
[White "profofchess"]
[Black "frequentblunders"]
[Result "1-0"]
[WhiteElo "2386"]
[BlackElo "2063"]
[TimeControl "180+1"]
[EndTime "10:28:51 PST"]
[Termination "profofchess won by resignation"]

1. e4 e6 2. d4 c5 3. d5 Nf6 4. dxe6 fxe6 5. e5 Nd5 6. c4 Nb6 7. Bd3 g6 8. h4 Nc6 9. Nf3 Bg7 10. h5 Nxe5 11. Nxe5 Bxe5 12. hxg6 hxg6 13. Bxg6+ Kf8 14. Qf3+ Ke7 15. Bg5+ 1-0

[Event "*** Titled Tuesday Blitz"]
[Site "Chess.com"]
[Date "2020.11.24"]
[Round "2"]
[White "GodDMuhammad"]
[Black "Bulldog167"]
[Result "0-1"]
[WhiteElo "2330"]
[BlackElo "2635"]
[TimeControl "180+1"]
[EndTime "10:28:54 PST"]
[Termination "Bulldog167 won by resignation"]

1. f4 d5 2. Nf3 g6 3. g3 Bg7 4. d3 c6 5. c3 Nd7 6. e4 e5 7. f5 gxf5 8. exf5 Ne7 9. Nh4 Bf6 10.
Qh5 Bxh4 11. gxh4 Nf6 12. Qg5 Nxf5 13. Bh3 Rg8 14. Qd2 Nxh4 15. Bxc8 Nf3+ 0-1

[Event "*** Titled Tuesday Blitz"]
[Site "Chess.com"]
[Date "2020.11.24"]
[Round "2"]
[White "RobPeresian"]
[Black "ajedrezhoy"]
[Result "1-0"]
[WhiteElo "2445"]
[BlackElo "2220"]
[TimeControl "180+1"]
[EndTime "10:28:59 PST"]
[Termination "RobPeresian won by resignation"]

1. Nf3 Nf6 2. c4 c5 3. Nc3 d5 4. cxd5 Nxd5 5. Nxd5 Qxd5 6. d3 Nc6 7. g3 g6 8. Bg2 Bg7 9. O-O O-O 10. Be3 Qd6 11.
Nd2 b6 12. Rb1 Bb7 13. a3 a5 14. Nc4 Qd8 15. b4 axb4 16. axb4 cxb4 17. Nxb6 Ra6 18. Nd5 Bc3 19. Nxc3 bxc3 20. Rxb7 1-0

[Event "*** Titled Tuesday Blitz"]
[Site "Chess.com"]
[Date "2020.11.24"]
[Round "2"]
[White "Kretov_Evgenij"]
[Black "katchesskat"]
[Result "1-0"]
[WhiteElo "2464"]
[BlackElo "2257"]
[TimeControl "180+1"]
[EndTime "10:29:11 PST"]
[Termination "Kretov_Evgenij won by checkmate"]

1. d4 c5 2. d5 e5 3. Nc3 a6 4.
e4 d6 5. a4 Ne7 6. f4 exf4 7.
Bxf4 Ng6 8. Bg3 Be7 9. Nf3 Bg4 10. Bd3 Bxf3 11. gxf3 O-O 12. Qe2 Bf6 13. O-O-O Bxc3 14. bxc3 Ne5 15. f4 Ng6 16. h4 Qa5 17. h5 Ne7 18. e5 Qxc3 19. Qe4 g6 20. hxg6 fxg6 21. exd6 Nf5 22. Qe6+ Kg7 23. Bxf5 Rxf5 24.
Qe7+ Rf7 25. Rxh7+ Kxh7 26. Qxf7+ Kh6 27. Rh1# 1-0

[Event "*** Titled Tuesday Blitz"]
[Site "Chess.com"]
[Date "2020.11.24"]
[Round "2"]
[White "AvitalBor"]
[Black "JozefKneht"]
[Result "1-0"]
[WhiteElo "2666"]
[BlackElo "2360"]
[TimeControl "180+1"]
[EndTime "10:29:12 PST"]
[Termination "AvitalBor won by resignation"]

1. e4 c5 2. c3 Nf6 3. e5 Nd5 4. d4 cxd4 5. cxd4 d6 6. Nf3 Nc6 7. Bc4 Nb6 8. Bb5 dxe5 9. Nxe5 Bd7 10. Nxd7 Qxd7 11. Nc3 e6 12. O-O Rd8 13. Qg4 a6 14. Bxc6 Qxc6 15. Bg5 Rd7 16. Rac1 Qc4 17. Ne4 Qxa2 18.
Qf4 Be7 19. Bxe7 Kxe7 20. Qg5+ Kf8 21. Qc5+ 1-0

[Event "*** Titled Tuesday Blitz"]
[Site "Chess.com"]
[Date "2020.11.24"]
[Round "2"]
[White "LittleMyMoomin"]
[Black "kasparicy"]
[Result "0-1"]
[WhiteElo "1849"]
[BlackElo "2364"]
[TimeControl "180+1"]
[EndTime "10:29:14 PST"]
[Termination "kasparicy won by resignation"]

1. e4 c5 2. Nf3 d6 3. d4 cxd4 4. Nxd4 Nf6 5. Nc3 a6 6. h3 e6 7. Bc4 Nbd7 8. O-O b5 9. Bb3 Nc5 10. Re1 Bb7 11. Nf5 exf5 12. exf5+ Be7 13. Bxf7+ Kxf7 14. Bg5 Re8 15. Bxf6 Bxf6 16. Qh5+ Kg8 0-1

[Event "*** Titled Tuesday Blitz"]
[Site "Chess.com"]
[Date "2020.11.24"]
[Round "2"]
[White "andrzej"]
[Black "romulocardoso"]
[Result "0-1"]
[WhiteElo "2388"]
[BlackElo "2118"]
[TimeControl "180+1"]
[EndTime "10:29:19 PST"]
[Termination "romulocardoso won by checkmate"]

1. e4 c5 2. Nf3 d6 3. d4 cxd4 4. Nxd4 Nf6 5. Nc3 g6 6. Be3 Bg7 7. f3 O-O 8. Qd2 Nc6 9. O-O-O Be6 10. g4 Rc8 11. h4 h5 12. Nxe6 fxe6 13. gxh5 Nxh5 14.
Rg1 Kh7 15. Qg2 Ne5 16. Bd4 Nf4 17. Qh2 Nxf3 18. Qg3 Nxd4 19. h5 Rxc3 20. hxg6+ Kg8 21. Qh4 Rxc2+ 22. Kb1 Rxb2+ 23. Kc1 Nde2+ 24. Bxe2 Nxe2# 0-1

[Event "*** Titled Tuesday Blitz"]
[Site "Chess.com"]
[Date "2020.11.24"]
[Round "2"]
[White "Lysiak_Poltorak"]
[Black "Trovita84"]
[Result "1-0"]
[WhiteElo "2374"]
[BlackElo "1986"]
[TimeControl "180+1"]
[EndTime "10:29:25 PST"]
[Termination "Lysiak_Poltorak won by resignation"]

1. d4 e6 2. c4 Nf6 3. Nc3 d5 4. cxd5 exd5 5. Bg5 Be7 6. e3 O-O 7. Bd3 h6 8. Bh4 b6 9. Nge2 Ba6 10. O-O Bxd3 11.
Qxd3 Nbd7 12. f3 c5 13. Rad1 c4 14. Qc2 Qc7 15. e4 dxe4 16. fxe4 Rfe8 17. e5 Ng4 18. Bxe7 Rxe7 19. Nd5 Qd8 20. Nxe7+ Qxe7 21. Qd2 Rd8 22. h3 Ndxe5 23. hxg4 Nxg4 24. Rde1 Qh4 25. Qf4 1-0

[Event "*** Titled Tuesday Blitz"]
[Site "Chess.com"]
[Date "2020.11.24"]
[Round "2"]
[White "FLamps8"]
[Black "paperotto610"]
[Result "1-0"]
[WhiteElo "2476"]
[BlackElo "2269"]
[TimeControl "180+1"]
[EndTime "10:29:31 PST"]
[Termination "FLamps8 won by resignation"]

1. d4 b6 2. e4 Bb7 3. Nc3 e6 4. a3 Nf6 5. e5 Nd5 6. Nxd5 Bxd5 7. Nf3 Be7 8. Bd3 O-O 9. O-O c5 10. c4 Bb7 11. d5 exd5 12. cxd5 Bxd5 13. Bxh7+ Kxh7 14.
Qxd5 Nc6 15. Rd1 Qc8 16. Bg5 Bxg5 17. Nxg5+ Kg8 18. Qe4 Re8 19. Qh7+ Kf8 20. Qh8+ Ke7 21. Qxg7 Nd4 22. Qf6+ 1-0

[Event "*** Titled Tuesday Blitz"]
[Site "Chess.com"]
[Date "2020.11.24"]
[Round "2"]
[White "MarkoPe"]
[Black "2346PL"]
[Result "0-1"]
[WhiteElo "2191"]
[BlackElo "2435"]
[TimeControl "180+1"]
[EndTime "10:29:34 PST"]
[Termination "2346PL won by checkmate"]

1. e4 c5 2. Nf3 Nf6 3. e5 Nd5 4.
Nc3 e6 5. Nxd5 exd5 6. d4 Qb6 7. c3 cxd4 8. cxd4 Nc6 9. Be2 Bb4+ 10. Kf1 Be7 11. g3 d6 12. Kg2 dxe5 13. dxe5 Be6 14.
Be3 Qc7 15. Rc1 O-O 16. Qa4 Qd7 17. Bb5 Rfc8 18. Nd4 Bh3+ 19. Kg1 Nxd4 20. Bxd7 Nf3# 0-1

[Event "*** Titled Tuesday Blitz"]
[Site "Chess.com"]
[Date "2020.11.24"]
[Round "2"]
[White "Lady_Nika"]
[Black "oskariot"]
[Result "0-1"]
[WhiteElo "2337"]
[BlackElo "2643"]
[TimeControl "180+1"]
[EndTime "10:29:39 PST"]
[Termination "oskariot won by checkmate"]

1. d4 Nf6 2. e3 c5 3. c3 cxd4 4. exd4 g6 5. f4 Bg7 6. Nf3 O-O 7. Bd3 d5 8. O-O Ne4 9. Qe2 Nc6 10. Nbd2 f5 11. Ne5 Nxe5 12. fxe5 e6 13. Nf3 Bd7 14. Qe1 Rb8 15. b3 b5 16. Ba3 Rf7 17. Bxe4 dxe4 18. Nd2 Bc6 19. Bd6 Rbb7 20. Qe3 Qh4 21. Rf4 Bh6 22. g3 Bxf4 23. gxf4 g5 24. Qg3 e3 25. Nf1 Qxg3+ 26. hxg3 gxf4 27. gxf4 Rg7+ 28. Kh2 Rg2+ 29. Kh3 Rbg7 30. Nxe3 R2g3+ 31. Kh4 Rxe3 32. c4 Rg4+ 33. Kh5 Rh3# 0-1

[Event "*** Titled Tuesday Blitz"]
[Site "Chess.com"]
[Date "2020.11.24"]
[Round "2"]
[White "kingofthenil"]
[Black "PowerThinking2650"]
[Result "1-0"]
[WhiteElo "2759"]
[BlackElo "2346"]
[TimeControl "180+1"]
[EndTime "10:29:41 PST"]
[Termination "kingofthenil won by resignation"]

1. e4 e5 2. Nf3 Nc6 3. Bc4 Nf6 4.
d3 h6 5. c3 d6 6. Bb3 g6 7.
Nbd2 Bg7 8. h4 Bg4 9. Nf1 d5 10. Qe2 dxe4 11. dxe4 O-O 12. Ne3 Bh5 13. Nd5 Na5 14.
Nxf6+ Qxf6 15. Bc2 Rad8 16. Be3 Rd7 17. Rf1 Rfd8 18. b4 Nc6 19. Rg1 a6 20. g4 1-0

[Event "*** Titled Tuesday Blitz"]
[Site "Chess.com"]
[Date "2020.11.24"]
[Round "2"]
[White "ferdipy"]
[Black "THE_PLAYER6"]
[Result "0-1"]
[WhiteElo "2139"]
[BlackElo "2418"]
[TimeControl "180+1"]
[EndTime "10:29:43 PST"]
[Termination "THE_PLAYER6 won by resignation"]

1. e4 e5 2. Nf3 Nc6 3. Bc4 Bc5 4. b4 Bxb4 5. c3 Bc5 6. d4 exd4 7. O-O Nf6 8. e5 d5 9. Bb5 Nd7 10. cxd4 Bb6 11. Ba3 a6 12. Ba4 Ba7 13. Bb3 Nb6 14. Nc3 Be6 15. Qd2 Qd7 16. Rac1 O-O-O 17. Na4 Nxa4 18.
Bxa4 b5 19. Bb3 Kb7 20. Rc2 Bg4 21. Rfc1 Bxf3 22. Rxc6 Qg4 23. Rxc7+ Ka8 24. Bxd5+ Rxd5 0-1

[Event "*** Titled Tuesday Blitz"]
[Site "Chess.com"]
[Date "2020.11.24"]
[Round "2"]
[White "Tactictic"]
[Black "kinga2008"]
[Result "1-0"]
[WhiteElo "2433"]
[BlackElo "2186"]
[TimeControl "180+1"]
[EndTime "10:29:45 PST"]
[Termination "Tactictic won by resignation"]

1. e4 c5 2. Nf3 Nc6 3. d4 cxd4 4. Nxd4 e5 5. Nb5 a6 6. Nd6+ Bxd6 7. Qxd6 Qf6 8. Qxf6 Nxf6 9. Nc3 O-O 10. Bg5 Nb4 11.
O-O-O Ng4 12. Be7 Nc6 13. Bxf8 Nxf2 14. Bc5 Nxh1 15. Bd3 d6 16. Bb6 Ng3 17. hxg3 Be6 18. Nd5 Bxd5 19. exd5 Nb4 20. Bc4 Rc8 21. Bb3 f5 22. a3 1-0

[Event "*** Titled Tuesday Blitz"]
[Site "Chess.com"]
[Date "2020.11.24"]
[Round "2"]
[White "TheCairnTerrier"]
[Black "Kotofeyca"]
[Result "1-0"]
[WhiteElo "2171"]
[BlackElo "2408"]
[TimeControl "180+1"]
[EndTime "10:29:53 PST"]
[Termination "TheCairnTerrier won on time"]

1. e4 c5 2. Nf3 d6 3. Bb5+ Bd7 4. Bxd7+ Qxd7 5. O-O Nf6 6. Re1 Nc6 7. c4 Nd4 8.
Nxd4 cxd4 9. d3 g6 10. Bg5 Bg7 11. Nd2 1-0

[Event "*** Titled Tuesday Blitz"]
[Site "Chess.com"]
[Date "2020.11.24"]
[Round "2"]
[White "Chess_Boxer123"]
[Black "Supernotar"]
[Result "0-1"]
[WhiteElo "2524"]
[BlackElo "2867"]
[TimeControl "180+1"]
[EndTime "10:29:57 PST"]
[Termination "Supernotar won by resignation"]

1. Nf3 c5 2. b3 Nc6 3. Bb2 Nf6 4. e3 g6 5. d4 cxd4 6. exd4 d5 7. Be2 Bg7 8. O-O O-O 9. c4 b6 10. Nbd2 Bb7 11. Rc1 Rc8 12. h3 Ne4 13. Re1 e6 14. Bf1 Nxd2 15. Qxd2 dxc4 16. bxc4 Qd6 17. Rcd1 Rfd8 18.
Qe3 Ne7 19. Ba3 Nf5 20. Qb3 Qf4 21. Bc1 Qc7 22. d5 exd5 23. cxd5 Qc3 24. Bc4 Qxc4 0-1

[Event "*** Titled Tuesday Blitz"]
[Site "Chess.com"]
[Date "2020.11.24"]
[Round "2"]
[White "SamuelGhimpu2003"]
[Black "YoungMegaMind"]
[Result "1-0"]
[WhiteElo "2619"]
[BlackElo "2285"]
[TimeControl "180+1"]
[EndTime "10:30:03 PST"]
[Termination "SamuelGhimpu2003 won by resignation"]

1. d4 Nf6 2. c4 c5 3. d5 e6 4. Nc3 exd5 5. cxd5 d6 6. e4 g6 7. f4 Bg7 8. Bb5+ Nfd7 9. a4 O-O 10. Nf3 Na6 11. O-O Nb4 12. Re1 a6 13. Bf1 Re8 14. h3 f5 15. Ng5 Nf6 16. e5 dxe5 17. fxe5 Ne4 18. Ncxe4 fxe4 19. d6 Bxe5 20. Qb3+ Kg7 21. Qf7+ 1-0

[Event "*** Titled Tuesday Blitz"]
[Site "Chess.com"]
[Date "2020.11.24"]
[Round "2"]
[White "Susal_De_Silva"]
[Black "tan275"]
[Result "1-0"]
[WhiteElo "2524"]
[BlackElo "2190"]
[TimeControl "180+1"]
[EndTime "10:30:07 PST"]
[Termination "Susal_De_Silva won by resignation"]

1. e4 c6 2. d4 d5 3. Nc3 dxe4 4. Nxe4 Bf5 5. Ng3 Bg6 6. h4 h6 7. Nf3 e6 8. h5 Bh7 9. Bd3 Bxd3 10. Qxd3 Nf6 11.
Bd2 Be7 12. O-O-O c5 13. Kb1 O-O 14. Ne4 cxd4 15. Nxd4 Qb6 16. Bc3 Nxe4 17. Qxe4 Bf6 18. Rh3 Na6 19. Rg3 Nc5 20. Qf3 Na4 21. Qxf6 Nxc3+ 22. Ka1 g5 23. hxg6 Qxb2+ 24. Kxb2 Nxd1+ 25. Kc1 1-0

[Event "*** Titled Tuesday Blitz"]
[Site "Chess.com"]
[Date "2020.11.24"]
[Round "2"]
[White "vlad10898"]
[Black "lider34"]
[Result "1-0"]
[WhiteElo "2689"]
[BlackElo "2435"]
[TimeControl "180+1"]
[EndTime "10:30:08 PST"]
[Termination "vlad10898 won by resignation"]

1. d4 Nf6 2. Nf3 g6 3. g3 Bg7 4. Bg2 O-O 5. O-O d6 6. b3 e5 7. dxe5 Ng4 8. Bb2 Re8 9. c4 Nd7 10. Nc3 dxe5 11. h3 Nh6 12. e4 f6 13. b4 c6 14. c5 Nf7 15. Nd2 Nf8 16. Nc4 Be6 17. Qe2 Qd4 18. Nd5 Qxc4 19. Qxc4 cxd5 20. exd5 Bd7 21.
c6 bxc6 22. dxc6 Be6 23. Qa6 1-0

[Event "*** Titled Tuesday Blitz"]
[Site "Chess.com"]
[Date "2020.11.24"]
[Round "2"]
[White "Gudmundur_Kjartansson"]
[Black "Shankland"]
[Result "0-1"]
[WhiteElo "2548"]
[BlackElo "2905"]
[TimeControl "180+1"]
[EndTime "10:30:18 PST"]
[Termination "Shankland won by resignation"]

1. d4 d5 2. c4 c6 3. Nc3 Nf6 4. e3 e6 5. Nf3 Nbd7 6. Qc2 Bd6 7. Bd3 O-O 8. O-O dxc4 9. Bxc4 b5 10. Be2 Bb7 11. e4 e5 12. dxe5 Nxe5 13. Nh4 g6 14. Bh6 Nfg4 15. Bxf8 Qxh4 16. h3 Rxf8 17. Rad1 Bb8 18.
Qd2 a6 19. f4 Ba7+ 20. Kh1 Qg3 21. Bxg4 Nxg4 0-1

[Event "*** Titled Tuesday Blitz"]
[Site "Chess.com"]
[Date "2020.11.24"]
[Round "2"]
[White "sunofadawn"]
[Black "NewBornNow"]
[Result "1-0"]
[WhiteElo "2487"]
[BlackElo "2690"]
[TimeControl "180+1"]
[EndTime "10:30:21 PST"]
[Termination "sunofadawn won by resignation"]

1. e4 d6 2. d4 Nf6 3. Nc3 e5 4. Nf3 Nbd7 5. Bc4 Be7 6. O-O O-O 7. Re1 c6 8. a4 a5 9. h3 exd4 10. Nxd4 Nc5 11. Ba2 Be6 12. Nxe6 fxe6 13. Be3 d5 14.
exd5 exd5 15. Bd4 Qd7 16. Qd2 Kh8 17. Rad1 Rae8 18. Bb1 Qf5 19. f3 Qg6 20. Rxe7 Rxe7 21. Bxc5 Rfe8 22. Bxe7 Rxe7 23. Re1 Qe8 24. Rxe7 Qxe7 25.
Ne2 Qc5+ 26. Qd4 Qe7 27. Kf2 c5 28. Qe3 Qd7 29. c3 b6 30. Bc2 h6 31. Qe5 b5 32.
Qb8+ 1-0

[Event "*** Titled Tuesday Blitz"]
[Site "Chess.com"]
[Date "2020.11.24"]
[Round "2"]
[White "pedromartinez91"]
[Black "LaPorfia"]
[Result "1-0"]
[WhiteElo "2524"]
[BlackElo "2299"]
[TimeControl "180+1"]
[EndTime "10:30:24 PST"]
[Termination "pedromartinez91 won by resignation"]

1. e4 d5 2. exd5 Nf6 3. Nc3 Nxd5 4. Bc4 Be6 5. Bb3 Nxc3 6. bxc3 Bxb3 7. axb3 g6 8. Nf3 Bg7 9. d4 O-O 10. O-O c5 11. Re1 Nc6 12. Be3 a6 13. h4 Rc8 14. h5 Qd7 15. h6 Bf6 16. dxc5 Qxd1 17. Raxd1 Bxc3 18. Re2 Rfd8 19. Rd3 Bf6 20. Red2 Kf8 21.
Rd7 Rxd7 22. Rxd7 Rb8 23. Bf4 Ke8 24. Rc7 e5 25. Bg5 Bd8 26. Bxd8 Rxd8 27. Ng5 Nd4 28. Rxf7 Ne2+ 29. Kh2 Rd7 30. Rxd7 Kxd7 31. Nxh7 Nd4 32. Nf6+ Ke6 33. h7 1-0

[Event "*** Titled Tuesday Blitz"]
[Site "Chess.com"]
[Date "2020.11.24"]
[Round "2"]
[White "Chuchofrio1"]
[Black "SpasKozhuharov"]
[Result "0-1"]
[WhiteElo "2413"]
[BlackElo "2685"]
[TimeControl "180+1"]
[EndTime "10:30:27 PST"]
[Termination "SpasKozhuharov won by resignation"]

1. d4 d5 2. c4 dxc4 3. Nf3 Nf6 4. e3 e6 5. Bxc4 a6 6. O-O b5 7. Bb3 Bb7 8. Qe2 Nbd7 9. e4 Bxe4 10. d5 Bxd5 11. Bxd5 Nxd5 12. Rd1 Be7 13. a4 b4 14. Nd4 N7f6 15. Bg5 O-O 16. Bxf6 Bxf6 17. Nxe6 Re8 18. Nxd8 Rxe2 19. Kf1 Rxb2 20. Nxf7 Kxf7 21. Rxd5 Rc2 22. Rf5 Rd8 23. Ke1 Kg6 24. Rxf6+ Kxf6 25. f3 c5 26. a5 c4 0-1

[Event "*** Titled Tuesday Blitz"]
[Site "Chess.com"]
[Date "2020.11.24"]
[Round "2"]
[White "AsaHoffmann"]
[Black "BillCoe"]
[Result "1-0"]
[WhiteElo "2382"]
[BlackElo "2059"]
[TimeControl "180+1"]
[EndTime "10:30:32 PST"]
[Termination "AsaHoffmann won by resignation"]

1. d4 e6 2. e4 d5 3. e5 c5 4.
Nf3 Nc6 5. Bd3 cxd4 6. O-O Qb6 7.
a3 Bd7 8. b4 a5 9. b5 Na7 10.
a4 Bb4 11. Bb2 Bc5 12. Nbd2 Ne7 13. Nb3 Ng6 14. Re1 O-O 15. Nxc5 Qxc5 16. Bxd4 Qc8 17. Qd2 Qd8 18. h4 b6 19. h5 Ne7 20. h6 g6 21. Qg5 Nf5 22. Qxd8 Rfxd8 23. Bxf5 gxf5 24. Bxb6 Rdc8 25. Nd4 Rc4 26. Red1 Nc8 27. Bd8 Kf8 28.
Ra3 Ke8 29. Bf6 Nb6 30. Rg3 Bc8 31. Rg7 Nd7 32. Rg8+ Nf8 33. Bg7 1-0

[Event "*** Titled Tuesday Blitz"]
[Site "Chess.com"]
[Date "2020.11.24"]
[Round "2"]
[White "Aradej"]
[Black "cukin84"]
[Result "1-0"]
[WhiteElo "2426"]
[BlackElo "2158"]
[TimeControl "180+1"]
[EndTime "10:30:35 PST"]
[Termination "Aradej won by resignation"]

1. d4 f5 2. Bf4 Nf6 3. e3 g6 4. h4 h5 5. Nf3 d6 6. Bc4 Bg7 7.
Nbd2 e6 8. Ng5 Qe7 9. Bb3 Nc6 10.
Qe2 Bd7 11. a3 O-O-O 12. O-O-O Nd5 13. Bh2 f4 14. Bxd5 exd5 15. Bxf4 Bf5 16. Qb5 Rhe8 17.
Qxd5 Kb8 18. g3 Qd7 19. Kb1 Ne7 20. Qb3 d5 21. Ndf3 Nc6 22. Rc1 Bf6 23. Ka1 Bxg5 24.
Bxg5 Rc8 25. Rhe1 Be4 26. Nd2 Qf5 27. Bf4 Re6 28. c4 Rce8 29. Nxe4 Qxe4 30. cxd5 Na5 31. Qc3 Qxd5 32. Qxc7+ Ka8 33. Qc8+ 1-0

[Event "*** Titled Tuesday Blitz"]
[Site "Chess.com"]
[Date "2020.11.24"]
[Round "2"]
[White "Trickov"]
[Black "TurboSteen"]
[Result "1-0"]
[WhiteElo "2372"]
[BlackElo "1971"]
[TimeControl "180+1"]
[EndTime "10:30:35 PST"]
[Termination "Trickov won by resignation"]

1. d4 Nf6 2. Nf3 e6 3. g3 d5 4.
Bg2 b5 5. a4 b4 6. c4 Bb7 7.
Ne5 Nfd7 8. Nd3 c5 9. cxd5 Bxd5 10. Bxd5 exd5 11. dxc5 Nxc5 12. O-O Nbd7 13. Nxb4 Ne4 14. Nxd5 h5 15. Nbc3 Nxc3 16. Nxc3 h4 17. Qd5 hxg3 18. hxg3 Bc5 19. Rd1 Rb8 20. Ne4 1-0

[Event "*** Titled Tuesday Blitz"]
[Site "Chess.com"]
[Date "2020.11.24"]
[Round "2"]
[White "Nadeev_Sergey"]
[Black "BikingBrian"]
[Result "1-0"]
[WhiteElo "2460"]
[BlackElo "2256"]
[TimeControl "180+1"]
[EndTime "10:30:45 PST"]
[Termination "Nadeev_Sergey won by resignation"]

1. d4 Nf6 2. Bf4 c5 3. dxc5 Qa5+ 4. Nc3 Qxc5 5. Nf3 d6 6. e4 g6 7. Qd2 Bg7 8. Be3 Qc7 9. O-O-O O-O 10. h3 Be6 11.
Nd4 Nc6 12. Nxe6 fxe6 13. Bc4 Qd7 14. f4 a6 15. f5 Nd8 16. e5 Ne8 17. fxe6 Nxe6 18.
exd6 exd6 19. Nd5 Kh8 20. Nb6 Qe7 21. Nxa8 Nf6 22. Nb6 Ne4 23. Qd5 N6c5 24. Bd4 Bxd4 25.
Qxd4+ Qe5 26. Rhe1 1-0

[Event "*** Titled Tuesday Blitz"]
[Site "Chess.com"]
[Date "2020.11.24"]
[Round "2"]
[White "WonderChampion"]
[Black "Smile2005"]
[Result "1-0"]
[WhiteElo "2050"]
[BlackElo "2360"]
[TimeControl "180+1"]
[EndTime "10:30:45 PST"]
[Termination "WonderChampion won by resignation"]

1. d4 Nf6 2. Bg5 g6 3. Nf3 Bg7 4. e3 O-O 5. Bd3 d5 6. c4 c5 7. cxd5 cxd4 8. Nxd4 Qxd5 9. Nf3 Bg4 10. Bxf6 Bxf6 11. O-O Bxf3 12. gxf3 Bxb2 13. Be4 Qxd1 14. Rxd1 Nc6 15. Nd2 Bxa1 16. Rxa1 Rfd8 17. Bxc6 bxc6 18. Nc4 Rab8 19. Ne5 Rd6 20. Rc1 f6 21. Nxc6 Rb7 22. Nd4 Rb2 23. Rc8+ Kf7 24. Rc7 Rxa2 25. Nc6 Re6 26.
Nd8+ Ke8 27. Nxe6 a5 28. Ra7 a4 29. Nd4 e5 30. Nb5 h5 31. Kg2 g5 32. h3 f5 33.
Nd6+ Kd8 34. Nxf5 1-0

[Event "*** Titled Tuesday Blitz"]
[Site "Chess.com"]
[Date "2020.11.24"]
[Round "2"]
[White "Caisachess"]
[Black "Klavdia_Nik"]
[Result "1-0"]
[WhiteElo "2398"]
[BlackElo "2087"]
[TimeControl "180+1"]
[EndTime "10:30:56 PST"]
[Termination "Caisachess won by resignation"]

1. e4 c5 2. c3 b6 3. d4 Bb7 4.
Bd3 g6 5. Nf3 Bg7 6. O-O d6 7.
Re1 e6 8. a4 a5 9. Na3 Ne7 10.
Bb5+ Nd7 11. dxc5 dxc5 12. Nc4 Bc6 13. Nd6+ Kf8 14. Ng5 Bxb5 15. axb5 Ne5 16. f4 h6 17. fxe5 hxg5 18. Qf3 Nf5 19. exf5 gxf5 20. Qb7 1-0